 Dungeon Crawl Stone Soup version 0.29.1-15-g9cfb28693d (webtiles) character file.

Game seed: 4389296982455425128

1359 jtron the Sneak (level 8, -1/60 (62) HPs)
             Began as a Demonspawn Brigand on Mar 23, 2023.
             Slain by a wight
             ... wielding a +0 war axe
              (5 damage)
             ... on level 6 of the Dungeon on Mar 24, 2023.
             The game lasted 00:14:38 (7409 turns).

jtron the Sneak (Demonspawn Brigand)                Turns: 7409, Time: 00:14:38

HP:   -1/60 (62)    AC:  9    Str: 11    XL:     8   Next: 37%
MP:   11/11         EV: 13    Int: 13    God:
Gold: 374           SH:  0    Dex: 17    Spells: 12/12 levels left

rFire   . . .      SeeInvis .   a - +2 dagger
rCold   . . .      Faith    .   (no shield)
rNeg    . . .      Spirit   .   q - +2 robe
rPois   .          Reflect  .   (helmet restricted)
rElec   .          Harm     .   c - +2 cloak
rCorr   .          Rampage  .   (no gloves)
Will    .....                   (no boots)
Stlth   +++.......              (no amulet)
HPRegen 0.20/turn               (no ring)
MPRegen 0.24/turn               (no ring)

@: mighty, lightly drained
A: antennae 2, molten scales 1, demonic guardian 2, magic regeneration
a: no special abilities


You were on level 6 of the Dungeon.
You visited 1 branch of the dungeon, and saw 6 of its levels.

You collected 374 gold pieces.

Inventory:

Hand Weapons
 a - a +2 dagger (weapon)
 b - a +0 sling
Missiles
 d - 20 poisoned darts (quivered)
 e - 5 curare-tipped darts
 f - 24 stones
Armour
 c - a +2 cloak (worn)
 q - a +2 robe (worn)
Jewellery
 n - an amulet of guardian spirit
 p - a +6 ring of strength
 y - an amulet of faith
Wands
 w - a wand of iceblast (5)
Scrolls
 k - 4 scrolls of teleportation
 m - a scroll of magic mapping {unknown}
 s - 2 scrolls of poison
 t - a scroll of fog {unknown}
 u - 2 scrolls of noise
 x - a scroll of fear
Potions
 g - a potion of invisibility
 h - a potion of resistance
 i - a potion of degeneration {unknown}
 j - 3 potions of mutation
 l - a potion of berserk rage {unknown}
 o - a potion of magic
 r - a potion of heal wounds
 v - a potion of lignification {unknown}


   Skills:
 + Level 5.0 Fighting
 + Level 4.0 Short Blades
 + Level 4.0 Ranged Weapons
 - Level 3.0 Throwing
 - Level 3.0 Dodging
 + Level 5.5 Stealth
 * Level 2.6 Spellcasting


You had 12 spell levels left.
You didn't know any spells.
Your spell library contained the following spells:

 Spells                   Type           Power      Damage    Failure   Level
 Sublimation of Blood     Necr           1%         N/A       36%         2
 Wereblood                Tmut           1%         N/A       36%         2
 Petrify                  Tmut/Erth      1%         N/A       94%         4
 Irradiate                Conj/Tmut      0%         3d11      100%        5
 Summon Hydra             Summ           0%         N/A       100%        7


Dungeon Overview and Level Annotations

Branches:
Dungeon (6/15)
 Temple: D:4-7

Altars:
Qazlal
Uskayaw
Vehumet
Xom

Annotations:
D:5 3 runed translucent doors, PhantomBowie's ghost, novice DrFE


Innate Abilities, Weirdness & Mutations

You have a pair of antennae on your head.
You are partially covered in molten scales. (AC +2)
A demonic guardian rushes to your aid.
You regenerate magic rapidly.


Message History

* * * LOW HITPOINT WARNING * * *
Your orange demon stings the wight from afar.
The wight is destroyed!
Your life force feels restored.
Your Fighting skill increases to level 5!
You swap places.
Your orange demon stings the wight from afar!
The wight hits your orange demon with a +0 long sword!
Your orange demon stings the wight from afar!
The wight is destroyed!
Your Ranged Weapons skill increases to level 4!
The wight hits your orange demon with a +0 long sword!
Your orange demon stings the wight!
Your orange demon hits the wight.
The wight looks weaker.
The wight hits your orange demon with a +0 long sword.
Your orange demon stings the wight but does no damage.
Your orange demon barely misses the wight.
The wight hits your orange demon with a +0 long sword.
Your orange demon stings the wight!
The wight is destroyed!
Your orange demon barely misses the wight.
Your orange demon closely misses the wight.
The wight hits your orange demon with a +0 war axe!
Your orange demon closely misses the wight.
Your orange demon barely misses the wight.
The wight hits your orange demon with a +0 war axe!
Your orange demon stings the wight!
Your orange demon hits the wight but does no damage.
The wight hits your orange demon with a +0 war axe!
Your orange demon dies!
Your orange demon disappears in a puff of smoke!
The wight hits you with a +0 war axe!
* * * LOW HITPOINT WARNING * * *
You feel drained.
* * * LOW HITPOINT WARNING * * *
Items here: )) [ †.
You hit the wight.
The wight is severely damaged.
The wight hits you with a +0 war axe.
You die...

#.. .. #.# #.# # #.#
#.#.. . #.## #.#.#.#
#.## #<#.#.### #<##
#.#..... #.##
######.#.#.######.##
#)z@§?..[.........##
#.####.#.#...#......
#.#......#...#......
#z#.##.#.#...#......
#z#....#.#.####.....
#.#...........'.....
..#....#.#.####.....
..#....#.#.# #.....
z.#....#.#.# #.....


You could see a wight.

Vanquished Creatures
  A sky beast (D:6)
  An ogre (D:4)
  A centaur (D:6)
  A necrophage (D:6)
  5 scorpions
  A wight (D:6)
  An orc priest (D:4)
  3 iguanas
  5 orc wizards
  7 adders
  A worm (D:3)
  4 dart slugs
  10 orcs
  9 endoplasms
  4 goblins
  6 hobgoblins
  2 jackals (D:1)
  2 quokkas
  11 ball pythons
  6 bats
  2 frilled lizards (D:2)
  4 kobolds
  3 rats
90 creatures vanquished.

Vanquished Creatures (collateral kills)
  An ogre (D:6)
  3 wights (D:6)
  A hound (D:4)
  A jelly (D:5)
  An orc (D:4)
  An endoplasm (D:3)
  A hobgoblin (D:3)
  A kobold (D:4)
10 creatures vanquished.

Grand Total: 100 creatures vanquished

Notes
Turn   | Place    | Note
-------+----------+-------------------------------------------
     0 | D:1      | jtron the Demonspawn Brigand began the quest for the Orb.
     0 | D:1      | Reached XP level 1. HP: 16/16 MP: 1/1
   368 | D:1      | Gained mutation: A weak demonic guardian rushes to your
                  | aid. [demonic ancestry]
   368 | D:1      | Reached XP level 2. HP: 18/22 MP: 2/2
   455 | D:1      | Reached skill level 1 in Dodging
  1115 | D:2      | Gained mutation: You have a pair of small antennae on your
                  | head. [demonic ancestry]
  1115 | D:2      | Reached XP level 3. HP: 21/27 MP: 3/3
  1697 | D:2      | You fall into a shaft and drop 1 floor!
  2555 | D:3      | Gained mutation: A demonic guardian rushes to your aid.
                  | [demonic ancestry]
  2555 | D:3      | Reached XP level 4. HP: 30/33 MP: 4/4
  2624 | D:3      | HP: 1/33 [iguana (9)]
  3379 | D:3      | Found a faded altar of an unknown god.
  3659 | D:4      | Gained mutation: You have a pair of antennae on your head.
                  | [demonic ancestry]
  3659 | D:4      | Reached XP level 5. HP: 24/40 MP: 5/5
  3878 | D:4      | Noticed an ogre
  3919 | D:4      | Killed an ogre
  3920 | D:4      | Reached skill level 5 in Stealth
  4297 | D:4      | Found a shimmering altar of Xom.
  4370 | D:4      | Gained mutation: You are partially covered in molten
                  | scales. (AC +2) [demonic ancestry]
  4370 | D:4      | Reached XP level 6. HP: 29/47 MP: 6/6
  4766 | D:4      | Found a stormy altar of Qazlal.
  5151 | D:5      | Entered Level 5 of the Dungeon
  5151 | D:5      | Found a radiant altar of Vehumet.
  5156 | D:5      | Noticed an ice beast
  5161 | D:5      | Reached skill level 1 in Ranged Weapons
  5482 | D:5      | Gained mutation: You regenerate magic rapidly. [demonic
                  | ancestry]
  5482 | D:5      | Reached XP level 7. HP: 23/47 MP: 7/7
  6030 | D:5      | Found a runed translucent gate.
  6030 | D:5      | Found a runed translucent gate.
  6030 | D:5      | Found a runed translucent gate.
  6063 | D:5      | Noticed PhantomBowie's ghost (novice DrFE)
  6644 | D:6      | Reached skill level 1 in Spellcasting
  6751 | D:6      | Found a hide-covered altar of Uskayaw.
  7299 | D:6      | Reached XP level 8. HP: 55/60 MP: 10/10
  7399 | D:6      | Reached skill level 5 in Fighting
  7409 | D:6      | Slain by a wight

Illustrated notes

Levels and vault maps discovered:
D:1:      heliophobic_arrival_dark_side_of_the_moon, layout_rooms
D:2:      layout_loops_corners
D:3:      minmay_general_purpose_star, layout_basic, general_overflow_altar,
          dreamdust_ecumenical_altar_sealed_demon
D:4:      layout_loops_ring, mainiacjoe_overflow_catwalk,
          nicolae_qazlal_scattered_showers
D:5:      layout_cave_pools, overflow_temple_1_default, gammafunk_ghost_icy
D:6:      layout_basic, mainiacjoe_overflow_surrounded_room, skrybe_limestone_x

Skill      XL: |  1  2  3  4  5  6  7  8 |
---------------+-------------------------+-----
Short Blades   | 2 3 4 |  4.0
Stealth        | 4 5 |  5.5
Dodging        | 1 2 3 |  3.0
Throwing       | 2 3 |  3.0
Fighting       | 3 4 5 |  5.0
Ranged Weapons | 1 3 4 |  4.0
Spellcasting   | 1 2 |  2.6

Action                   |  1- 3 |  4- 6 |  7- 9 || total
-------------------------+-------+-------+-------++-------
Melee: Dagger            |   139 |   141 |   124 ||   404
       Punch             |       |     4 |     2 ||     6
 Fire: Sling             |       |    20 |    41 ||    61
Throw: Dart              |     7 |    21 |     6 ||    34
       Stone             |     2 |    16 |       ||    18
Evoke: Wand              |       |       |     1 ||     1
  Use: Scroll            |     4 |     7 |     5 ||    16
       Potion            |       |     8 |     1 ||     9
 Stab: Sleeping          |    11 |     5 |     1 ||    17
Armor: Robe              |    27 |    38 |    52 ||   117
Dodge: Dodged            |    97 |    68 |    74 ||   239
